 Dungeon Crawl Stone Soup version 0.17.0-17-ge4ba49f (webtiles) character file.

212 Ponchio the Conjurer (level 5, -2/28 HPs)
             Began as a Tengu Fire Elementalist on Nov 10, 2015.
             Killed from afar by an orc wizard (8 damage)
             ... with a magic dart
             ... on level 3 of the Dungeon on Nov 11, 2015.
             The game lasted 00:24:21 (3750 turns).

Ponchio the Conjurer (Tengu Fire Elementalist)      Turns: 3750, Time: 00:24:21

Health: -2/28      AC:  4    Str:  8    XL:     5   Next: 89%
Magic:  0/12       EV: 12    Int: 16    God:
Gold:   143        SH:  0    Dex: 15    Spells: 2 memorised, 9 levels left

rFire  . . .     SeeInvis .     f - +0 dagger
rCold  . . .     Clarity  .     a - +0 robe
rNeg   . . .     SustAt   .     (no shield)
rPois  .         Gourm    .     (helmet restricted)
rElec  .         Spirit   .     m - +0 cloak
rCorr  .         Warding  .     p - +0 pair of gloves
rMut   .         Stasis   .     (boots unavailable)
MR     .....                    (no amulet)
Stlth  ++........               (no ring)
                                (no ring)

@: very slightly contaminated, not resistant to hostile enchantments, unstealthy
A: beak, talons 3, able to fly 1
a: Fly


You were on level 3 of the Dungeon.
You were not hungry.

You visited 1 branch of the dungeon, and saw 3 of its levels.

You collected 143 gold pieces.

Inventory:

Hand Weapons
 f - a +0 dagger (weapon)
Armour
 a - a +0 robe (worn)
 m - a +0 cloak (worn)
 p - a +0 pair of gloves (worn)
Jewellery
 j - an uncursed ring of wizardry {unknown}
Wands
 r - a wand of disintegration (0)
Scrolls
 d - a scroll of enchant armour {unknown}
 e - a scroll of remove curse {unknown}
 g - a scroll of teleportation {unknown}
 h - 2 scrolls of enchant weapon {unknown}
 k - a scroll of identify {unknown}
 l - 2 scrolls of blinking {unknown}
 n - a scroll of fear {unknown}
 t - a scroll of fog {unknown}
Potions
 v - a potion of flight {unknown}
Books
 b - a book of Flames

   Spells                             Type                      Level
   a - Flame Tongue                   Conjuration/Fire             1
   b - Throw Flame                    Conjuration/Fire             2
   c - Conjure Flame                  Conjuration/Fire             3
   d - Inner Flame                    Hexes/Fire                   3
   e - Sticky Flame                   Conjuration/Fire             4
   f - Fireball                       Conjuration/Fire             5
Comestibles
 c - a bread ration
 i - a royal jelly
 o - 3 meat rations
 q - a chunk of flesh
 u - a slice of pizza


   Skills:
 - Level 2.1 Dodging
 - Level 2.0 Stealth
 + Level 4.1 Spellcasting
 + Level 5.2 Conjurations
 - Level 3.2 Fire Magic


You had 9 spell levels left.
You knew the following spells:

 Your Spells              Type           Power        Failure   Level  Hunger
a - Flame Tongue          Conj/Fire      ###..        3%          1    None
b - Throw Flame           Conj/Fire      ###...       6%          2    ##.....


Dungeon Overview and Level Annotations

Branches:
Dungeon (3/15)

Altars:
Fedhas
Kikubaaqudgha
Trog


Innate Abilities, Weirdness & Mutations

You have a beak for a mouth.
You have claws for feet.
You can fly.


Message History

Aiming: Throw Flame
Press: ? - help, Shift-Dir - straight line, f - orc wizard
Aim: an orc wizard, wielding a dagger and wearing a robe (fast)
The puff of flame misses the orc wizard.
The orc wizard hits you with a dagger.
The orc wizard gestures at you while chanting.
The magic dart hits you!
* * * LOW HITPOINT WARNING * * *
Evoke which item? (* to show all) (? for menu, Esc to quit)
Zapping:
r - a wand of disintegration {zapped: 4} (will waste charges)
Press: ? - help, Shift-Dir - straight line, f/p - orc wizard
Aim: an orc wizard, wielding a dagger and wearing a robe (fast, chance to defeat MR: 65%)
The orc wizard struggles to resist.
Evoking this partially-identified wand wasted a few charges.
The orc wizard misses you.
You completely miss the orc wizard. Your kick misses the orc wizard.
Your peck misses the orc wizard.
The orc wizard gestures at you while chanting.
The magic dart hits you!
You die...

#.....# ##....## #.....#
##..>...##
##).$..########........###
...)..............)........
..........................#
...........#..............#
.##..........####....###...
##..........# ######P....
###...o@..## #.P......
#...#..### #P_.PP..#
#...#....# #PP.##..#
######.#...##.##########..#
#....#.#...........####..##
#.##....................##
#.###....#....(.....#....##
#.# #.##....#..............
#.# #.##()..#..............


You could see an orc wizard.

Vanquished Creatures
  An ogre (D:3)
  An orc priest (D:3)
  An orc wizard (D:2)
  2 adders (D:2)
  3 worms
  2 giant geckos (D:2)
  3 orcs (D:3)
  4 giant cockroaches
  5 hobgoblins
  A quokka (D:3)
  7 bats
  4 giant newts
  5 goblins
  6 kobolds (D:2)
  7 rats
52 creatures vanquished.

Notes
Turn   | Place    | Note
--------------------------------------------------------------
     0 | D:1      | Ponchio the Tengu Fire Elementalist began the quest for the Orb.
     0 | D:1      | Reached XP level 1. HP: 10/10 MP: 4/4
   219 | D:1      | Reached XP level 2. HP: 6/15 MP: 3/6
   601 | D:1      | Learned a level 2 spell: Throw Flame
  1431 | D:2      | Reached XP level 3. HP: 13/19 MP: 0/8
  1502 | D:2      | Found a bloodstained altar of Trog.
  1777 | D:2      | Noticed a moth of wrath
  1780 | D:2      | Found a bloodstained altar of Trog.
  2433 | D:2      | Upgraded the game from 0.17.0-9-g801d43b to 0.17.0-17-ge4ba49f
  2537 | D:2      | Reached XP level 4. HP: 12/24 MP: 0/9
  3011 | D:2      | Reached skill level 4 in Conjurations
  3505 | D:3      | Noticed an ogre
  3507 | D:3      | Killed an ogre
  3507 | D:3      | Gained mutation: You can fly. [Tengu growth]
  3507 | D:3      | Reached XP level 5. HP: 28/28 MP: 11/11
  3705 | D:3      | Found a blossoming altar of Fedhas.
  3715 | D:3      | Found an ancient bone altar of Kikubaaqudgha.
  3739 | D:3      | Reached skill level 5 in Conjurations
  3750 | D:3      | Killed from afar by an orc wizard

Action                   |  1- 3 |  4- 6 || total
-------------------------+-------+-------++-------
Melee: Unarmed           |     1 |       ||     1
       Dagger            |    35 |    15 ||    50
 Cast: Flame Tongue      |    23 |     1 ||    24
       Throw Flame       |    38 |    33 ||    71
Evoke: Wand              |       |     3 ||     3
  Use: Potion            |     1 |     1 ||     2
  Eat: Chunk             |     6 |     7 ||    13
